 Dungeon Crawl Stone Soup version 0.25.0-46-gbd7b0854d2 (webtiles) character file.

Game seed: 15673307883664745266

84 Descartes the Twirler (level 4, -5/33 HPs)
             Began as a Demonspawn Wanderer on July 17, 2020.
             Slain by a gnoll
             ... wielding a +0 halberd
              (14 damage)
             ... on level 2 of the Dungeon.
             The game lasted 00:04:25 (1831 turns).

Descartes the Twirler (Demonspawn Wanderer)         Turns: 1831, Time: 00:04:26

Health: -5/33      AC:  5    Str: 12    XL:     4   Next: 24%
Magic:  5/5        EV: 10    Int: 15    God:
Gold:   132        SH:  0    Dex: 12    Spells: 4/5 levels left

rFire    . . .     SeeInvis .   t - +1 whip (vamp)
rCold    . . .     Gourm    .   (no shield)
rNeg     . . .     Faith    .   o - +0 leather armour
rPois    .         Spirit   .   (no helmet)
rElec    .         Reflect  .   (no cloak)
rCorr    .         Harm     .   (no gloves)
MR       .....                  (no boots)
Stlth    +.........             (no amulet)
HPRegen  0.11/turn              c - ring of wizardry
MPRegen  0.09/turn              (no ring)

@: no status effects
A: hooves 1, icy blue scales 1, spiny 1
a: no special abilities


You were on level 2 of the Dungeon.
You were not hungry.

You visited 1 branch of the dungeon, and saw 2 of its levels.

You collected 132 gold pieces.

Inventory:

Hand Weapons
 a - a +2 quarterstaff
 t - a +1 vampiric whip (weapon)
Missiles
 g - 36 arrows
 k - 132 stones (quivered)
Armour
 d - a +0 robe
 o - a +0 leather armour (worn)
 w - a +0 chain mail
Jewellery
 c - a ring of wizardry (left hand)
 u - an uncursed ring of wizardry
Scrolls
 e - a scroll of amnesia {unknown}
 j - a scroll of remove curse {unknown}
 l - a scroll of immolation {unknown}
 m - a scroll of identify {unknown}
 q - 2 scrolls of magic mapping {unknown}
 s - a scroll of teleportation {unknown}
Potions
 b - 2 potions of lignification
 h - a potion of mutation {unknown}
 n - a potion of haste {unknown}
 p - a potion of ambrosia {unknown}
 r - a potion of curing {unknown}
 v - a potion of flight {unknown}
Comestibles
 f - 3 rations
 i - 2 chunks of flesh


   Skills:
 - Level 2.0 Fighting
 - Level 3.5 Staves
 - Level 1.0 Throwing
 + Level 2.7 Armour
 - Level 1.0 Stealth
 - Level 1.0 Spellcasting
 - Level 1.7 Ice Magic


You had 4 spell levels left.
You knew the following spells:

 Your Spells              Type           Power        Failure   Level  Hunger
a - Freeze                Ice            #...         6%          1    ##.....

Your spell library contained the following spells:

 Spells                   Type           Power        Failure   Level  Hunger
 Ozocubu's Armour         Chrm/Ice       #.......     26%         3    ####...


Dungeon Overview and Level Annotations

Branches:
Dungeon (2/15)

Altars:
Hepliaklqana
Xom

Annotations:
D:2 1 runed translucent door, Crazy Yiuf


Innate Abilities, Weirdness & Mutations

You have large cloven feet.
You are partially covered in icy blue scales. (AC +2)
You are partially covered in sharp spines.


Message History

You close the door.
You start removing your armour.
You continue taking off your +0 leather armour.
Keep disrobing? [Y]es or [N]o only, please.
Keep disrobing? [Y]es or [N]o only, please.
Keep disrobing? [Y]es or [N]o only, please.
Keep disrobing? [Y]es or [N]o only, please.
Keep disrobing?
You stop removing your armour.
The gnoll is struck by your spines. The gnoll hits you with a +0 halberd.
* * * LOW HITPOINT WARNING * * *
There is an open door here.
You hit the gnoll.
You feel better.
You kick the gnoll, but do no damage.
The gnoll is heavily wounded.
The gnoll is struck by your spines. The gnoll hits you with a +0 halberd!
You die...

'.##.#.######§#g##.'...
#.##'#'## #Z#####.#...
#.#.....# #b#_...###.
#.#.....# ###)..## #.
#.#.....#######.._# #.
#.#.........#...### #.
#÷#.........#'### #.
#.#....g..÷.#..## #.
######.##'#@#........#
#.
#......##.#.#........#
#.
+.........#.+.g......#
#.
#.......#.###........#
#. #.......#.#
#........# #.
#.......#.# #........#
#. #.......###
#........# ## #.......#
#........# # #.......#
#........# #


You could see a gnoll.

Vanquished Creatures
  A gnoll (D:2)
  2 adders (D:2)
  A dart slug (D:2)
  2 leopard geckos (D:2)
  2 giant cockroaches
  8 goblins
  4 hobgoblins
  2 jackals (D:2)
  10 kobolds (D:2)
  A quokka (D:2)
  8 bats
  4 frilled lizards (D:1)
  10 rats
55 creatures vanquished.

Notes
Turn   | Place    | Note
-------+----------+-------------------------------------------
     0 | D:1      | Descartes the Demonspawn Wanderer began the quest for the
                  | Orb.
     0 | D:1      | Descartes set off with the following items: a +2
                  | quarterstaff, a potion of lignification, a +0 robe, a
                  | ration; and the following spell memorised: Freeze; and the
                  | following spells available to memorise: Ozocubu's Armour
     0 | D:1      | Reached XP level 1. HP: 16/16 MP: 2/2
   109 | D:1      | Reached skill level 3 in Staves
   176 | D:1      | Gained mutation: You are partially covered in icy blue
                  | scales. (AC +2) [demonic ancestry]
   176 | D:1      | Reached XP level 2. HP: 22/22 MP: 3/3
   757 | D:2      | Reached skill level 1 in Armour
   757 | D:2      | Gained mutation: You are partially covered in sharp spines.
                  | [demonic ancestry]
   757 | D:2      | Reached XP level 3. HP: 21/27 MP: 4/4
  1188 | D:2      | Found a shimmering altar of Xom.
  1189 | D:2      | Found a hazy altar of Hepliaklqana.
  1190 | D:2      | Noticed a spectral ugly thing
  1393 | D:2      | Found a runed translucent door.
  1394 | D:2      | Noticed Crazy Yiuf
  1474 | D:2      | Gained mutation: You have large cloven feet. [demonic
                  | ancestry]
  1474 | D:2      | Reached XP level 4. HP: 13/33 MP: 5/5
  1831 | D:2      | Slain by a gnoll

Illustrated notes

Levels and vault maps discovered:
D:1:      nicolae_arrival_washed_ashore, layout_rooms, minmay_cut_off
D:2:      minmay_wonky_spiral, layout_basic, regret_index_temple_of_mockery,
          minmay_pentomino_pile, uniq_crazy_yiuf_cottage

Skill      XL: |  1  2  3 |
---------------+----------+-----
Staves         | 3 |  3.5
Armour         | 1 2 |  2.7
Fighting       | |  2.0
Throwing       | |  1.0
Stealth        | |  1.0
Spellcasting   | |  1.0
Ice Magic      | |  1.7

Action                   |  1- 3 |  4- 6 || total
-------------------------+-------+-------++-------
Melee: Quarterstaff      |    81 |       ||    81
       Whip              |    28 |    11 ||    39
       Kick              |       |     2 ||     2
 Stab: Sleeping          |     2 |       ||     2
  Eat: Chunk             |     2 |     1 ||     3
Armor: Robe              |    12 |       ||    12
       Leather armour    |    23 |     1 ||    24
Dodge: Dodged            |    66 |     9 ||    75
